 Dungeon Crawl Stone Soup version 0.31-a0-1074-g0b22e4e0f1 (webtiles) character file.

Game seed: 9923515023599803564

443 gelatine the Poker (level 6, 0/47 HPs)
             Began as a Demonspawn Fighter on Nov 29, 2023.
             Slain by a gnoll
             ... wielding a +0 spear
             ... led by a gnoll bouda
              (4 damage)
             ... on level 4 of the Dungeon.
             The game lasted 00:08:55 (3403 turns).

gelatine the Poker (Demonspawn Fighter)             Turns: 3403, Time: 00:08:56

Health: 0/47       AC:  6    Str: 18    XL:     6   Next: 71%
Magic:  6/6        EV:  5    Int: 14    God:
Gold:   222        SH:  0    Dex: 12    Spells: 5/5 levels left

rFire   + . .        p - +12 glaive of Prune {freeze, Prune}
rCold   + . .        (shield currently unavailable)
rNeg    . . .        b - +0 scale mail
rPois   .            (no helmet)
rElec   .            s - scarf {rC+ rF+}
rCorr   .            (no gloves)
SInv    .            (no boots)
Will    +....        t - amulet of reflection Stlth
                     j - ring of willpower
HPRegen 0.27/turn    y - ring of flight
MPRegen 0.10/turn

%: reflection
@: about to teleport, flying, held
A: powered by death 1, big brain 2
a: no special abilities


You were on level 4 of the Dungeon.
You visited 1 branch of the dungeon, and saw 4 of its levels.

You collected 222 gold pieces.

Inventory:

Hand Weapons
 a - a +0 war axe
 o - a +1 hand axe of venom
 p - the +12 glaive of Prune (weapon) {freeze, Prune}
   (You found it on level 3 of the Dungeon)

   Prune:     It halves damage taken while paralysed, petrified or unconscious.
Armour
 b - a +0 scale mail (worn)
 c - a +0 buckler
 s - a scarf of resistance (worn)
Jewellery
 j - a ring of willpower (left hand)
 r - a +6 ring of intelligence
 t - an amulet of reflection (around neck)
 y - a ring of flight (right hand)
Scrolls
 e - a scroll of teleportation
 f - a scroll of enchant weapon {unknown}
 g - 2 scrolls of identify
 i - 2 scrolls of revelation {unknown}
 k - 2 scrolls of noise {unknown}
 l - a scroll of brand weapon {unknown}
 n - a scroll of enchant armour {unknown}
 q - 3 scrolls of fog {unknown}
 u - a scroll of immolation {unknown}
Potions
 d - 2 potions of might
 h - a potion of haste {unknown}
 m - a potion of invisibility {unknown}
 v - a potion of magic {unknown}
 w - a potion of mutation {unknown}
 x - a potion of brilliance {unknown}
 z - a potion of curing {unknown}


   Skills:
 + Level 3.6 Fighting
 + Level 3.2(4.2) Axes
 * Level 4.0(4.6) Polearms
 + Level 3.3 Armour
 * Level 1.2 Dodging
 + Level 0.4 Stealth
 + Level 3.3 Shields


You had 5 spell levels left.
You didn't know any spells.
Your spell library contained the following spells:

 Spells                   Type           Power      Damage    Failure   Level
 Apportation              Tloc           0%         N/A       65%         1
 Necrotise                Necr           0%         1d4       65%         1
 Summon Small Mammal      Summ           0%         N/A       65%         1
 Call Canine Familiar     Summ           0%         N/A       95%         3
 Gell's Gravitas          Tloc           0%         N/A       95%         3
 Inner Flame              Hex/Fire       0%         N/A       95%         3
 Sigil of Binding         Hex            0%         N/A       95%         3
 Teleport Other           Tloc           0%         N/A       95%         3
 Dimensional Bullseye     Hex/Tloc       0%         N/A       100%        4
 Flame Wave               Conj/Fire      0%         2d4       100%        4
 Leda's Liquefaction      Hex/Erth       0%         N/A       100%        4
 Sticky Flame             Conj/Fire      0%         2d3       100%        4
 Dispersal                Tloc           0%         N/A       100%        6


Dungeon Overview and Level Annotations

Branches:
Dungeon (4/15)
 Temple: D:4-7

Altars:
Okawaru
Ru


Innate Abilities, Weirdness & Mutations

You regenerate a little health from kills.
You have an extremely huge brain. (Int +4)


Message History

You see here a book of Weapons.
You hit the gnoll. You freeze the gnoll.
The gnoll is heavily wounded.
The gnoll hits you with a +0 spear.
The gnoll bouda hits you with a +0 whip.
You block the gnoll's attack. The gnoll bouda barely misses you.
The gnoll misses you.
You slice the gnoll bouda!! You freeze the gnoll bouda.
You kill the gnoll bouda!
You hear a shout!
The gnoll hits you but does no damage. x2
A gnoll comes into view. It is wielding a +0 flail.
The gnoll hits you but does no damage.
The gnoll hits you from afar with a +0 spear.
Your Polearms skill increases to level 4!
The gnoll hits you from afar with a +0 spear.
The gnoll attacks as it pursues you!
The gnoll hits you from afar with a +0 spear.
The gnoll barely misses you. The gnoll hits you but does no damage.
The gnoll attacks as it pursues you!
The gnoll hits you from afar with a +0 spear.
The gnoll throws a throwing net.
The throwing net hits you.
You become entangled in the net!
You see here a throwing net.
You struggle against the net.
The gnoll hits you from afar with a +0 spear. x2
You tear a large gash into the net.
The gnoll barely misses you.
The gnoll hits you from afar with a +0 spear.
As you read the scroll labelled EXAD FEHUUVYA, it crumbles to dust.
It is a scroll of identify.
e - 2 scrolls of teleportation The gnoll hits you from afar with a +0 spear!
* * * LOW HITPOINT WARNING * * *
The gnoll hits you from afar with a +0 spear.
* * * LOW HITPOINT WARNING * * *
As you read the scroll of teleportation, it crumbles to dust.
You feel strangely unstable.
The gnoll hits you from afar with a +0 spear.
You die...

....................#
##'#.##'#.##+#.##+#.#
#..#.#..#.#..#.#..#.#
#..'.+.)#.#..'.'..#.#
####.####.####.####.#
....................#
###################.#
#.##.####..#
#......@...#
###..g###g##
###..)..# #.gg.##
#.)g## #..g# ...$..
#...... #......#


You could see 2 gnolls.

Vanquished Creatures
  Menkaure (D:4)
  3 hounds (D:4)
  A gnoll bouda (D:4)
  An orc wizard (D:4)
  7 adders
  A worm (D:3)
  3 dart slugs
  3 orcs
  8 endoplasms
  6 giant cockroaches
  14 goblins
  10 hobgoblins
  8 jackals
  10 kobolds
  4 quokkas
  8 ball pythons
  6 bats
  5 frilled lizards
  5 rats
104 creatures vanquished.

Notes
Turn   | Place    | Note
-------+----------+-------------------------------------------
     0 | D:1      | gelatine the Demonspawn Fighter began the quest for the
                  | Orb.
     0 | D:1      | Reached XP level 1. HP: 18/18 MP: 1/1
    94 | D:1      | Gained mutation: You have an unusually large brain. (Int
                  | +2) [demonic ancestry]
    94 | D:1      | Reached XP level 2. HP: 17/24 MP: 2/2
   361 | D:1      | Gained mutation: You have an extremely huge brain. (Int +4)
                  | [demonic ancestry]
   361 | D:1      | Reached XP level 3. HP: 19/29 MP: 3/3
   862 | D:2      | Found a faded altar of an unknown god.
  1399 | D:2      | Reached XP level 4. HP: 35/35 MP: 4/4
  1859 | D:3      | Found a sacrificial altar of Ru.
  1859 | D:3      | Found an iron altar of Okawaru.
  2282 | D:3      | Found the +12 glaive of Prune {freeze, Prune}
  2918 | D:4      | Gained mutation: You regenerate a little health from kills.
                  | [demonic ancestry]
  2918 | D:4      | Reached XP level 5. HP: 41/41 MP: 5/5
  2934 | D:4      | Noticed Menkaure
  2943 | D:4      | Killed Menkaure
  2944 | D:4      | Reached skill level 2 in Polearms
  2944 | D:4      | Reached skill level 1 in Dodging
  3131 | D:4      | Reached XP level 6. HP: 47/47 MP: 6/6
  3139 | D:4      | Reached skill level 3 in Polearms
  3396 | D:4      | Reached skill level 4 in Polearms
  3403 | D:4      | Slain by a gnoll

Illustrated notes

Levels and vault maps discovered:
D:1:      roadster_arrival_rocket_large, layout_basic,
          chequers_serial_rivers_marsh
D:2:      layout_loops_corners, ebering_ecumenical_altar_sacrificial,
          lemuel_flame_loot_1
D:3:      minmay_razor_zed, layout_basic, jmf_multi_god_temple,
          minmay_strange_pillars, grunt_decor_junction, hex_tiny
D:4:      minmay_door_path, layout_rooms, uniq_menkaure

Skill      XL: |  1  2  3  4  5  6 |
---------------+-------------------+-----
Axes           | 2 3 |  3.2
Shields        | 3 |  3.3
Armour         | 3 |  3.3
Polearms       | 2 4 |  4.0
Dodging        | 1 |  1.2
Fighting       | |  3.6
Stealth        | |  0.4

Action                     |  1- 3 |  4- 6 || total
---------------------------+-------+-------++-------
  Melee: War axe           |   137 |    47 ||   184
         Glaive            |       |    68 ||    68
         Hand axe          |       |    14 ||    14
    Use: Scroll            |       |     2 ||     2
 Armour: Scale mail        |    99 |    95 ||   194
  Dodge: Dodged            |    62 |    69 ||   131
  Block: Buckler           |    33 |    14 ||    47
         Other             |       |    10 ||    10
         Reflection        |       |     1 ||     1

Table legend: (Time is in decaauts)
 A = Elapsed time spent in this place.
 B = Non-inter-level travel time spent in this place.
 C = Inter-level travel time spent in this place.
 D = Time resting spent in this place.
 E = Time spent auto-exploring this place.
 F = Levels seen in this place.
 G = Mean time per level.
                   A        B        C        D        E       F      G
               +--------+--------+--------+--------+--------+-----+--------+
         Total |   3516 |   3486 |     30 |      0 |   2639 |   4 |  879.0 |
       Dungeon |   3516 |   3486 |     30 |      0 |   2639 |   4 |  879.0 |
               +--------+--------+--------+--------+--------+-----+--------+

Top non-repeatable levels by time:
     D:3: 1166 daAuts
     D:2: 1004 daAuts
     D:1: 737 daAuts
     D:4: 608 daAuts
